 Dungeon Crawl Stone Soup version 0.23-a0-32-g1388f29 (webtiles) character file.

98812 Gruud the Sharpshooter (level 15, -4/110 HPs)
             Began as a Demonspawn Necromancer on Aug 3, 2018.
             Was the Champion of Okawaru.
             Shot with a bolt by Vashnia (13 damage)
             ... on level 2 of the Snake Pit on Aug 4, 2018.
             The game lasted 02:58:36 (22887 turns).

Gruud the Sharpshooter (Demonspawn Necromancer)    Turns: 22887, Time: 02:58:37

Health: -4/110     AC:  9    Str:  5    XL:     15   Next: 75%
Magic:  23/31      EV: 26    Int: 19    God:    Okawaru [******]
Gold:   1604       SH:  0    Dex: 18    Spells: 6/24 levels left

rFire    + . .     SeeInvis .   b - +7 arbalest "Orimeti" {freeze, rF+}
rCold    + + +     Gourm    +   (shield currently unavailable)
rNeg     . . .     Faith    .   p - +1 robe {MR+}
rPois    +         Spirit   .   (helmet unavailable)
rElec    .         Reflect  .   V - +2 cloak {MR+}
rCorr    .         Harm     .   s - +1 pair of gloves of the Gate {rC++ Str-5 Slay+2}
MR       +++..                  Q - +0 pair of boots of a volcano {Regen+ MP+9 Int+2 Slay+6}
Stlth    ++........             E - amulet of the gourmand
HPRegen  0.68/turn              C - ring of poison resistance
MPRegen  0.22/turn              N - +3 ring of evasion

@: no status effects
A: horns 3, repulsion field 2, cold resistance 1, demonic guardian 2
a: Heroism, Finesse, Renounce Religion


You were on level 2 of the Snake Pit.
You worshipped Okawaru.
Okawaru was exalted by your worship.
You were full.

You visited 5 branches of the dungeon, and saw 26 of its levels.
You also visited: Labyrinth and Volcano.

You collected 2258 gold pieces.
You spent 654 gold pieces at shops.

Inventory:

Hand Weapons
 a - a +2 whip of flaming
 b - the +7 arbalest "Orimeti" (weapon) {freeze, rF+}
   (You found it on level 5 of the Dungeon)

   It causes projectiles fired from it to freeze those they strike, causing
   extra injury to most foes and up to half again as much damage against
   particularly susceptible opponents.
   They can also slow down cold-blooded creatures.
   It protects you from fire.
 o - a +2 triple sword of holy wrath
 t - the +10 war axe of Tiruza {chop, +Inv rElec rC+ MR-}
   (You found it on level 5 of the Lair of Beasts)

   It inflicts extra damage upon your enemies.
   It protects you from cold.
   It insulates you from electricity.
   It affects your resistance to hostile enchantments.
   It lets you turn invisible.
Missiles
 I - 219 bolts (quivered)
Armour
 f - a +1 robe of fire resistance
 p - a +1 robe of magic resistance (worn)
 s - the +1 pair of gloves of the Gate (worn) {rC++ Str-5 Slay+2}
   (Okawaru gifted it to you in a labyrinth)

   It affects your strength (-5).
   It affects your accuracy and damage with ranged weapons and melee attacks
   (+2).
   It greatly protects you from cold.
 G - a +2 robe of cold resistance
 Q - the +0 pair of boots of a volcano (worn) {Regen+ MP+9 Int+2 Slay+6}
   (Okawaru gifted it to you on level 6 of the Lair of Beasts)

   It affects your intelligence (+2).
   It affects your accuracy and damage with ranged weapons and melee attacks
   (+6).
   It affects your magic capacity (+9).
   It increases your rate of regeneration.
 V - a +2 cloak of magic resistance (worn)
Jewellery
 d - an uncursed ring of positive energy
 i - an uncursed amulet of rage
 z - an uncursed ring of see invisible
 C - a ring of poison resistance (left hand)
 E - an amulet of the gourmand (around neck)
 N - a +3 ring of evasion (right hand)
Wands
 u - a wand of iceblast (4)
 A - a wand of digging (23)
 F - a wand of acid (23)
 R - a wand of scattershot (6)
 X - a wand of paralysis (12)
Scrolls
 l - 6 scrolls of enchant weapon
 n - 4 scrolls of enchant armour
 x - 3 scrolls of blinking
 y - 8 scrolls of teleportation
 D - 5 scrolls of amnesia
 J - 8 scrolls of remove curse
 K - 9 scrolls of immolation
 O - 3 scrolls of fear
 P - 2 scrolls of silence {unknown}
 T - 5 scrolls of identify
 U - 3 scrolls of summoning
 W - 3 scrolls of fog
 Y - 2 scrolls of magic mapping
Potions
 e - 4 potions of flight
 g - 3 potions of resistance
 h - 6 potions of heal wounds
 j - 13 potions of curing
 k - 8 potions of berserk rage
 m - 3 potions of mutation
 q - 4 potions of magic
 r - 5 potions of agility
 v - 4 potions of might
 B - 3 potions of cancellation
 H - 5 potions of haste
 L - 3 potions of invisibility
 M - 3 potions of brilliance
 S - 4 potions of ambrosia
Miscellaneous
 w - a fan of gales
Comestibles
 c - 38 rations


   Skills:
 + Level 7.9 Fighting
 - Level 3.5 Maces & Flails
 * Level 15.8 Crossbows
 + Level 2.1 Armour
 + Level 10.4 Dodging
 - Level 1.7 Stealth
 - Level 5.1 Spellcasting
 - Level 15.0 Necromancy
 - Level 5.0 Earth Magic
 - Level 10.0 Invocations


You had 6 spell levels left.
You knew the following spells:

 Your Spells              Type           Power        Failure   Level  Hunger
a - Borgnjor's Vile Clut  Necr/Erth      #####.....   5%          5    ######.
b - Animate Dead          Necr           N/A          1%          4    ####...
c - Animate Skeleton      Necr           N/A          1%          1    None
d - Vampiric Draining     Necr           ######....   1%          3    ##.....
e - Regeneration          Chrm/Necr      ####......   1%          3    ##.....
f - Passwall              Tmut/Erth      ##......     7%          2    #......

Your spell library contained the following spells:

 Spells                   Type           Power        Failure   Level  Hunger
 Mephitic Cloud           Conj/Pois/Air  #.......     36%         3    ##.....
 Venom Bolt               Conj/Pois      #.........   98%         5    ######.
 Olgreb's Toxic Radiance  Pois           #.......     77%         4    ####...
 Summon Small Mammal      Summ           #...         12%         1    None
 Pain                     Necr           ####         1%          1    None
 Summon Ice Beast         Ice/Summ       #.......     77%         4    ####...
 Call Imp                 Summ           #.......     19%         2    #......
 Sting                    Conj/Pois      #...         12%         1    None
 Stone Arrow              Conj/Erth      ##....       13%         3    ##.....
 Recall                   Summ/Tloc      N/A          36%         3    ##.....
 Death Channel            Necr           ######....   4%          6    #######
 Call Canine Familiar     Summ           #.......     36%         3    ##.....
 Lee's Rapid Deconstruct  Erth           ###.......   41%         5    ######.
 Sandblast                Erth           ###...       1%          1    None
 Simulacrum               Ice/Necr       ####......   65%         6    #######
 Petrify                  Tmut/Erth      ##......     41%         4    ####...
 Shroud of Golubria       Chrm/Tloc      #.........   19%         2    #......
 Infusion                 Chrm           #...         12%         1    None
 Song of Slaying          Chrm           #.......     19%         2    #......
 Spectral Weapon          Hex/Chrm       #.......     36%         3    ##.....
 Summon Lightning Spire   Summ/Air       #.......     77%         4    ####...
 Summon Guardian Golem    Hex/Summ       #.......     36%         3    ##.....
 Poisonous Vapours        Pois/Air       #.....       19%         2    #......


Dungeon Overview and Level Annotations

Branches:
Dungeon (15/15)            Temple (1/1) D:7            Lair (6/6) D:9
 Shoals (0/4) Lair:4        Snake (2/4) Lair:3        Slime (0/5) Lair:6
    Orc (2/2) D:9             Elf (0/3) Orc:2        Vaults (0/5) D:14
 Depths (0/5) D:15

Altars:
Ashenzari
Cheibriados
Dithmenos
Elyvilon
Fedhas
Gozag
Hepliaklqana
Kikubaaqudgha
Makhleb
Nemelex Xobeh
Okawaru
Qazlal
Ru
Sif Muna
Trog
Uskayaw
Vehumet
Wu Jian
Xom
Yredelemnul
Zin
The Shining One
Beogh

Shops:
D:6 ?   D:7 !   D:8 [   Orc:2 ?}**

Annotations:
D:2 exclusion: downstairs
D:15 1 runed door, Wumexkargh's ghost, veteran MfBe
Lair:3 3 runed doors, Zafes's ghost, journeyman MiBe
Lair:5 3 runed doors, Dudiycywn's ghost, journeyman HaGl; Orchof's ghost, journeyman GrFi
Snake:2 Vashnia
Orc:1 3 runed doors, Amnesiac's ghost, journeyman OgGl


Innate Abilities, Weirdness & Mutations

You have a pair of large horns on your head.
You are surrounded by a moderate repulsion field. (EV +3)
Your flesh is cold resistant. (rC+)
A demonic guardian rushes to your aid.


Message History

Press: ? - help, Shift-Dir - straight line, f/p - Vashnia
Aim: Vashnia, wielding an arbalest of freezing and wearing a runed naga barding (severely wounded, covered in liquid flames, catching her breath)
You shoot a bolt. The bolt misses Vashnia.
Vashnia burns!
Vashnia stops burning.
Vashnia spits poison at you. The splash of poison hits you! You resist.
Firing (i - inventory)
I - 220 bolts (quivered)
Press: ? - help, Shift-Dir - straight line, f/p - Vashnia
Aim: Vashnia, wielding an arbalest of freezing and wearing a runed naga barding (severely wounded, catching her breath)
You shoot a bolt. The bolt hits Vashnia!
The bolt freezes Vashnia.
Vashnia is almost dead.
You hear a shout!
Vashnia mumbles some strange words.
Vashnia magically shoots a bolt.
The bolt hits you!!
* * * LOW HITPOINT WARNING * * *
The bolt freezes you.
* * * LOW HITPOINT WARNING * * *
Vashnia mumbles some strange words.
Vashnia magically shoots a bolt.
The bolt hits you!
You die...

## ###...^.....
##........... #.......#####
#### #....###.# #..## #...##
#.# ### ##.... #..## #.#
##.### #..(.. #..[###
#.###.((N### ##...#.
#.)...####
#.#..##...###...###
#........####@.#####......##
#...####.....3## #......#
#..## ######## ##.....# ####
#.....# #.....# #...<.#
#....## ######


You could see Vashnia and a friendly soul eater.

Vanquished Creatures
  Rupert (Lair:6)
  A frost giant (D:15)
  4 dire elephants (Lair:6)
  A minotaur (Lab)
  Snorg (D:13)
  An ogre mage (Volcano)
  3 vault guards
  A naga warrior (Snake:1)
  Harold (D:7)
  6 hydras
  4 centaur warriors
  An anaconda (Snake:1)
  A catoblepas (Lair:4)
  11 two-headed ogres
  2 tengu warriors
  7 orc high priests (Orc:2)
  A shock serpent (Snake:2)
  A hell knight (Volcano)
  4 unseen horrors
  A wizard (D:12)
  2 naga ritualists (Snake:1)
  A mana viper (Snake:1)
  2 orc knights
  7 ugly things
  2 orc sorcerers
  A deep elf mage (D:13)
  An oklob plant (Lair:4)
  A manticore (D:14)
  2 elephants (Lair:6)
  An eye of devastation (Lair:6)
  15 black mambas
  3 naga magi (Snake:1)
  7 spiny frogs
  3 rime drakes
  6 gargoyles
  An efreet (D:14)
  3 komodo dragons
  A yaktaur (D:15)
  A tengu conjurer (D:15)
  A meliai (shapeshifter) (D:15)
  3 polar bears (D:7)
  5 trolls
  A hornet (D:9)
  Prince Ribbit (D:5)
  Grinder (D:5)
  4 dream sheep
  A spectral meliai (D:14)
  12 blink frogs
  6 hippogriffs
  A meliai zombie (D:14)
  A wraith (D:12)
  2 shadows
  A vampire (D:12)
  26 yaks
  5 wyverns
  A hog (D:7)
  5 basilisks
  4 vampire mosquitoes (D:12)
  A redback simulacrum (D:14)
  4 hungry ghosts
  2 acid dragons
  11 wargs
  Edmund (D:6)
  A soldier ant (D:9)
  4 nagas
  7 water moccasins
  4 ice beasts
  6 porcupines
  23 orc warriors
  A meliai simulacrum (D:15)
  A black bear (shapeshifter) (D:11)
  6 black bears
  2 eyes of draining
  5 sky beasts
  2 slaves (D:6)
  2 phantoms
  7 wolves (Lair:6)
  18 centaurs
  14 ogres
  7 crocodiles
  2 big kobolds
  20 bullfrogs
  Blork the orc (D:5)
  A wyvern skeleton (D:8)
  3 scorpions
  2 killer bees
  13 wights
  4 howler monkeys
  An electric eel (Lair:6)
  8 crimson imps
  2 bullfrog zombies
  6 hounds
  4 lava snakes (Lab)
  4 centaur zombies
  2 jellies
  35 orc priests
  17 orc wizards
  A bullfrog skeleton (D:7)
  4 centaur skeletons
  Ijyb (D:3)
  2 iguanas
  Natasha (twice) (D:4)
  9 worker ants
  A hell rat (Lair:3)
  A hound skeleton (D:7)
  Robin (D:2)
  6 gnolls
  9 adders
  A howler monkey skeleton (D:10)
  4 shadow imps
  An ooze (D:1)
  3 worms
  3 dart slugs
  3 leopard geckos
  110 orcs
  3 ball pythons (D:3)
  11 bats
  5 giant cockroaches
  22 goblins
  8 hobgoblins
  11 jackals
  3 quokkas
  10 frilled lizards
  A giant cockroach zombie (D:5)
  A jackal zombie (D:7)
  20 kobolds
  A quokka zombie (D:7)
  6 rats
  6 plants
718 creatures vanquished.

Vanquished Creatures (collateral kills)
  An orc warlord (Orc:1)
  2 stone giants (D:11)
  2 dire elephants (Lair:6)
  A vault guard (D:14)
  Fannar (D:10)
  2 hydras (Lair:5)
  A two-headed ogre (Volcano)
  An anaconda (Lair:6)
  Erica (Lair:1)
  A death yak (D:7)
  A deep elf archer (D:11)
  Pikel (D:6)
  An orc sorcerer (Orc:1)
  An ugly thing (D:14)
  2 elephants (Lair:6)
  A centaur zombie (D:14)
  A black mamba (Lair:2)
  Psyche (D:8)
  2 spiny frogs
  A torpor snail (Lair:4)
  4 gargoyles (Lab)
  2 komodo dragons
  2 trolls
  3 hippogriffs
  6 blink frogs
  3 polar bears
  3 dream sheep (Lair:6)
  6 yaks
  2 basilisks
  A hungry ghost (D:6)
  2 wargs (D:9)
  A naga (Lair:3)
  5 water moccasins
  2 black bears (D:7)
  2 slaves (D:6)
  2 orc warriors (D:9)
  2 ogres
  2 wolves (Lair:6)
  3 crocodiles
  3 bullfrogs
  A killer bee (D:11)
  A crimson imp (D:5)
  3 hounds
  A jelly (D:6)
  An iguana (D:11)
  2 worker ants
  4 hell rats (Lair:3)
  An adder (D:6)
  A shadow imp (D:8)
  An adder skeleton (D:9)
  9 orcs
  2 jackals (D:5)
  A bush (Lair:6)
  A fungus (Lair:3)
  2 plants
112 creatures vanquished.

Vanquished Creatures (others)
  A komodo dragon (Lair:6)
  4 fungi
  9 plants
  A withered plant (Lair:5)
15 creatures vanquished.

Grand Total: 845 creatures vanquished

Notes
Turn   | Place    | Note
-------+----------+-------------------------------------------
     0 | D:1      | Gruud the Demonspawn Necromancer began the quest for the Orb.
     0 | D:1      | Reached XP level 1. HP: 13/13 MP: 3/3
     2 | D:1      | Learned a level 1 spell: Animate Skeleton
    85 | D:1      | Gained mutation: You are surrounded by a mild repulsion field. (EV +2) [demonic ancestry]
    85 | D:1      | Reached XP level 2. HP: 18/19 MP: 5/5
    95 | D:1      | Reached skill level 5 in Necromancy
   602 | D:1      | Gained mutation: You are surrounded by a moderate repulsion field. (EV +3) [demonic ancestry]
   602 | D:1      | Reached XP level 3. HP: 24/24 MP: 7/7
   633 | D:1      | Learned a level 3 spell: Vampiric Draining
  1276 | D:3      | Noticed Sigmund
  1387 | D:2      | Learned a level 3 spell: Regeneration
  1398 | D:2      | Noticed Robin
  1432 | D:2      | Killed Robin
  1432 | D:2      | Gained mutation: You have a pair of small horns on your head. [demonic ancestry]
  1432 | D:2      | Reached XP level 4. HP: 22/30 MP: 7/9
  1914 | D:4      | Reached XP level 5. HP: 25/35 MP: 11/11
  2145 | D:3      | Noticed Ijyb
  2173 | D:3      | Killed Ijyb
  2173 | D:3      | Reached skill level 5 in Spellcasting
  2291 | D:3      | Reached skill level 1 in Maces & Flails
  2458 | D:3      | Noticed Sigmund
  2458 | D:3      | Sigmund changed into Sigmund the howler monkey
  2465 | D:3      | Killed Sigmund the howler monkey
  2465 | D:3      | Gained mutation: A weak demonic guardian rushes to your aid. [demonic ancestry]
  2465 | D:3      | Reached XP level 6. HP: 30/41 MP: 13/13
  2532 | D:3      | Learned a level 4 spell: Animate Dead
  3150 | D:4      | Noticed Natasha
  3159 | D:4      | Killed Natasha
  3201 | D:4      | Found a sparkling altar of Nemelex Xobeh.
  3274 | D:4      | Noticed Natasha
  3287 | D:4      | Killed Natasha
  3355 | D:5      | Entered Level 5 of the Dungeon
  3381 | D:5      | Reached XP level 7. HP: 43/46 MP: 14/14
  3396 | D:5      | Got a polished arbalest
  3405 | D:5      | Identified the +7 arbalest "Orimeti" {freeze, rF+} (You found it on level 5 of the Dungeon)
  3810 | D:5      | Noticed Grinder
  3811 | D:5      | Paralysed by Grinder for 3 turns
  3816 | D:5      | Killed Grinder
  3943 | D:5      | Noticed Prince Ribbit
  3947 | D:5      | Killed Prince Ribbit
  3947 | D:5      | Reached XP level 8. HP: 52/52 MP: 15/15
  4089 | D:5      | Noticed Blork the orc
  4098 | D:5      | Killed Blork the orc
  4357 | D:6      | Found Enylowk's Magic Scroll Boutique.
  4732 | D:6      | Reached skill level 5 in Crossbows
  4749 | D:6      | Reached skill level 5 in Dodging
  4810 | D:6      | Noticed Pikel
  4836 | D:6      | Reached XP level 9. HP: 34/57 MP: 9/16
  4847 | D:6      | Killed Pikel
  4897 | D:6      | Noticed Edmund
  4916 | D:6      | Killed Edmund
  5641 | D:7      | Found Hapovvim's Distillery.
  5659 | D:7      | Found a staircase to the Ecumenical Temple.
  5675 | D:7      | Bought 2 potions of haste for 220 gold pieces
  5675 | D:7      | Bought 2 potions of invisibility for 176 gold pieces
  5701 | Temple   | Entered the Ecumenical Temple
  5740 | Temple   | Upgraded the game from 0.23-a0-29-g1be82e5 to 0.23-a0-32-g1388f29
  5741 | Temple   | Became a worshipper of Warmaster Okawaru
  5789 | D:7      | Found a huge runed gate.
  5789 | D:7      | Found a huge runed gate.
  5789 | D:7      | Found a huge runed gate.
  5789 | D:7      | Found a huge runed gate.
  5789 | D:7      | Noticed a polar bear
  5789 | D:7      | Noticed a death yak
  5790 | D:7      | Noticed a polar bear
  5793 | D:7      | Noticed a polar bear
  5793 | D:7      | Noticed a polar bear
  6030 | D:7      | Noticed Harold
  6124 | D:8      | Found Syipeci's Armour Shoppe.
  6298 | D:8      | Reached * piety under Okawaru
  6385 | D:8      | Gained mutation: A demonic guardian rushes to your aid. [demonic ancestry]
  6385 | D:8      | Reached XP level 10. HP: 63/63 MP: 14/17
  6606 | D:8      | Noticed Psyche
  6620 | D:8      | Killed Psyche
  7054 | D:9      | Found a stormy altar of Qazlal.
  7187 | D:9      | Noticed a gargoyle
  7188 | D:9      | Reached ** piety under Okawaru
  7189 | D:9      | Killed a gargoyle
  7409 | D:9      | Noticed an unseen horror
  7412 | D:9      | Killed an unseen horror
  7444 | D:9      | Reached *** piety under Okawaru
  7457 | D:9      | Reached skill level 10 in Crossbows
  7532 | D:9      | Found a staircase to the Lair.
  7614 | D:9      | Found a staircase to the Orcish Mines.
  7628 | D:9      | Reached skill level 1 in Invocations
  7915 | D:10     | Entered Level 10 of the Dungeon
  8092 | D:10     | Reached **** piety under Okawaru
  8111 | D:10     | Noticed a two-headed ogre
  8260 | D:10     | Noticed Fannar
  8420 | D:10     | Gained mutation: Your flesh is cold resistant. (rC+) [demonic ancestry]
  8420 | D:10     | Reached XP level 11. HP: 68/68 MP: 18/18
  8432 | D:10     | Received a gift from Okawaru
  8585 | D:10     | Killed Fannar
  8616 | D:10     | Killed a two-headed ogre
  8761 | D:7      | Killed Harold
  8761 | D:7      | Received a gift from Okawaru
  8822 | D:7      | Reached skill level 5 in Invocations
  8825 | D:7      | Found a hazy altar of Hepliaklqana.
  8961 | D:11     | Was placed under penance by Okawaru
  9006 | D:11     | Noticed a stone giant
  9006 | D:11     | Noticed a deep elf archer
  9006 | D:11     | Noticed a stone giant
  9021 | D:11     | Killed a deep elf archer
  9027 | D:11     | Killed a stone giant
  9032 | D:11     | Killed a stone giant
  9095 | D:11     | Was forgiven by Okawaru
  9126 | D:11     | Noticed a cyan ugly thing
  9129 | D:11     | Killed a cyan ugly thing
  9503 | D:11     | Received a gift from Okawaru
  9743 | D:11     | Noticed a six-headed hydra
  9748 | D:11     | Killed a six-headed hydra
  9748 | D:11     | Reached ***** piety under Okawaru
  9805 | D:11     | Noticed an unseen horror
  9809 | D:11     | Killed an unseen horror
 10038 | D:8      | Bought a +2 cloak of magic resistance for 258 gold pieces
 10118 | Lair:1   | Entered Level 1 of the Lair of Beasts
 10183 | Lair:1   | Received a gift from Okawaru
 10437 | Lair:1   | Noticed Erica
 10440 | Lair:1   | Killed Erica
 10440 | Lair:1   | Received a gift from Okawaru
 10494 | Lair:1   | Gained mutation: You have a pair of horns on your head. [demonic ancestry]
 10494 | Lair:1   | Reached XP level 12. HP: 74/74 MP: 19/19
 10709 | Lair:2   | Found a labyrinth entrance.
 10800 | Lab      | Entered a labyrinth
 11247 | Lab      | Received a gift from Okawaru
 11263 | Lab      | Reached skill level 10 in Dodging
 11282 | Lab      | Received a gift from Okawaru
 11283 | Lab      | Got a pair of slimy gloves {god gift}
 11289 | Lab      | Identified the +1 pair of gloves of the Gate {rC++ Str-5 Slay+2} (Okawaru gifted it to you in a labyrinth)
 11319 | Lab      | Reached skill level 1 in Fighting
 11560 | Lab      | Noticed a minotaur
 11568 | Lab      | Killed a minotaur
 11577 | Lab      | Got a polished ring mail
 11589 | Lab      | Identified the cursed +0 ring mail of Tartarus {+Fly Int+4} (You found it in a labyrinth)
 11669 | Lair:2   | Noticed a four-headed hydra
 11675 | Lair:2   | Killed a four-headed hydra
 12270 | Lair:3   | Noticed an eight-headed hydra
 12407 | Lair:3   | Killed an eight-headed hydra
 12430 | Lair:3   | Found a staircase to the Snake Pit.
 12528 | Lair:3   | Found a runed gate.
 12529 | Lair:3   | Found a runed gate.
 12530 | Lair:3   | Found a runed gate.
 12531 | Lair:3   | Noticed Zafes's ghost (journeyman MiBe)
 12699 | Lair:3   | Reached ****** piety under Okawaru
 12958 | Lair:4   | Received a gift from Okawaru
 12990 | Lair:4   | Noticed a catoblepas
 12999 | Lair:4   | Killed a catoblepas
 12999 | Lair:4   | Received a gift from Okawaru
 13043 | Lair:4   | Noticed a four-headed hydra
 13050 | Lair:4   | Killed a four-headed hydra
 13050 | Lair:4   | Reached XP level 13. HP: 90/90 MP: 20/20
 13166 | Lair:4   | Learned a level 2 spell: Passwall
 13167 | Lair:4   | Found a staircase to the Shoals.
 13216 | Lair:4   | Received a gift from Okawaru
 13325 | Lair:4   | Received a gift from Okawaru
 13495 | Lair:5   | Identified the +10 war axe of Tiruza {chop, +Inv rElec rC+ MR-} (You found it on level 5 of the Lair of Beasts)
 13555 | Lair:5   | Reached skill level 5 in Fighting
 13601 | Lair:5   | Found a dark tunnel.
 13627 | Volcano  | Entered a volcano
 13656 | Volcano  | Found a radiant altar of Vehumet.
 14167 | Lair:5   | Found a runed gate.
 14167 | Lair:5   | Found a runed gate.
 14167 | Lair:5   | Found a runed gate.
 14168 | Lair:5   | Noticed Orchof's ghost (journeyman GrFi)
 14169 | Lair:5   | Noticed Dudiycywn's ghost (journeyman HaGl)
 14191 | Lair:5   | Reached skill level 10 in Invocations
 14328 | Lair:6   | Entered Level 6 of the Lair of Beasts
 14328 | Lair:6   | Noticed Rupert
 14435 | Lair:6   | Killed Rupert
 14435 | Lair:6   | Received a gift from Okawaru
 14435 | Lair:6   | Reached skill level 15 in Crossbows
 14438 | Lair:6   | Got a pair of heavily runed boots {god gift}
 14543 | Lair:6   | Identified the +0 pair of boots of a volcano {Regen+ MP+9 Int+2 Slay+6} (Okawaru gifted it to you on level 6 of the Lair of Beasts)
 15042 | Lair:6   | Found a staircase to the Slime Pits.
 15222 | Lair:6   | Gained mutation: You have a pair of large horns on your head. [demonic ancestry]
 15222 | Lair:6   | Reached XP level 14. HP: 103/103 MP: 21/21
 15261 | Lair:6   | Learned a level 5 spell: Borgnjor's Vile Clutch
 15405 | Lair:6   | Received a gift from Okawaru
 15405 | Lair:6   | Reached skill level 1 in Earth Magic
 17087 | D:13     | Reached skill level 10 in Necromancy
 17311 | D:13     | Noticed Snorg
 17319 | D:13     | Killed Snorg
 17982 | D:14     | Identified the +7 quarterstaff of the Slime-mould {crush, Fragile Str+3 Int+7 Dex+2} (You found it on level 14 of the Dungeon)
 18074 | D:14     | Received a gift from Okawaru
 18385 | D:14     | Reached skill level 5 in Earth Magic
 18396 | D:14     | Found the +9 scales of the Dragon King {rPois rF+ rC+ MR+}
 18568 | D:14     | Found a gate to the Vaults.
 18580 | D:14     | Received a gift from Okawaru
 18939 | D:14     | Reached XP level 15. HP: 108/108 MP: 22/22
 19147 | D:15     | Entered Level 15 of the Dungeon
 19657 | D:15     | Found a runed door.
 19657 | D:15     | Noticed Wumexkargh's ghost (veteran MfBe)
 19849 | D:15     | Found a staircase to the Depths.
 19849 | D:15     | Noticed a frost giant
 19865 | D:15     | Killed a frost giant
 20030 | Orc:1    | Entered Level 1 of the Orcish Mines
 20040 | Orc:1    | Noticed an orc warlord
 20052 | Orc:1    | Killed an orc warlord
 20203 | Orc:1    | Found a runed gate.
 20203 | Orc:1    | Found a runed gate.
 20204 | Orc:1    | Found a runed gate.
 20216 | Orc:1    | Noticed Amnesiac's ghost (journeyman OgGl)
 20304 | Orc:1    | Found an iron altar of Okawaru.
 20557 | Orc:2    | Entered Level 2 of the Orcish Mines
 20976 | Orc:2    | Found a staircase to the Elven Halls.
 21157 | Orc:2    | Received a gift from Okawaru
 21164 | Orc:2    | Found Xyeloo's Assorted Antiques.
 21214 | Orc:2    | Found Farefoc's General Store.
 21232 | Orc:2    | Identified the +1 chain mail "Cybofis" {rF+} (Okawaru gifted it to you on level 2 of the Orcish Mines)
 21379 | Orc:2    | Reached skill level 15 in Necromancy
 21385 | Orc:2    | Found a roughly hewn altar of Beogh.
 21417 | Orc:2    | Found Riesh's Magic Scroll Emporium.
 21417 | Orc:2    | Found Wueniv's Gadget Shop.
 21517 | Orc:2    | Found a roughly hewn altar of Beogh.
 21988 | Snake:1  | Entered Level 1 of the Snake Pit
 22084 | Snake:1  | Reached skill level 1 in Armour
 22851 | Snake:2  | Noticed Vashnia
 22887 | Snake:2  | Shot with a bolt by Vashnia

Vault maps used:
D:1:      lightli_arrival_lavapool, minmay_octomino_j4
D:2:      minmay_unequal, uniq_robin
D:3:      kennysheep_the_goblin_king, uniq_sigmund
D:4:      nemelex_lonely_heart_becter, uniq_natasha
D:5:      first_ration, uniq_grinder, uniq_blork_the_orc, uniq_prince_ribbit1
D:6:      serial_shops, shop_scrolls, glass_columns_a, uniq_edmund, uniq_pikel
D:7:      lemuel_bear_cage, lemuel_coloured_pillars_altar, temple_fountains,
          serial_shops, nicolae_shop_behind_doors, uniq_harold
D:8:      serial_shops, nicolae_shop_stone, wad_woods_river_04, glass_columns_c,
          uniq_psyche
D:9:      lair_entry_dummy, david_orc_1_choice, basic_altar,
          hangedman_pestilent_swarm, roderic_filled_cross, item_on_display_a
D:10:     uniq_fannar
D:12:     corexii_leaking_fountain, spider_trap, patterned_corridor
D:13:     uniq_snorg
D:14:     lightli_vaults_fourway_checkpoint, hangedman_weighted_door
D:15:     grunt_enter_depths_snipers, hellmonk_ghost_happy_afterlife,
          minmay_misc_feat_nine_boxes
Temple:   kilobyte_greek_temple
Lair:1:   uniq_erica
Lair:2:   lab_entry_generic
Lair:3:   minmay_snake_entry_guardpost_small, gammafunk_ghost_necromancy,
          lemuel_fruit_fields
Lair:4:   shoals_dummy_entry
Lair:5:   gammafunk_ghost_cemetery, nicolae_volcano_entry_s_turn
Lair:6:   due_jungle_book, minmay_slime_entry_eyes, infiniplex_staircase_pool,
          uniq_rupert
Snake:2:  uniq_vashnia, uniq_asterion
Orc:1:    gammafunk_ghost_fury_of_okawaru
Orc:2:    st_orc_town, minmay_orc_temple_b
Lab:      labyrinth_lava_lair, nicolae_lab_lava, labyrinth_skeletal_remains,
          nicolae_lab_flowing_pool, nicolae_lab_checkerboard, nicolae_lab_swirl
Volcano:  kennysheep_volcano_temple

Skill      XL: |  1  2  3  4  5  6  7  8  9 10 11 12 13 14 15 |
---------------+----------------------------------------------+-----
Necromancy     | 5 6 7 12 15 | 15.0
Spellcasting   | 3 4 5 |  5.1
Dodging        | 2 3 5 6 8 9 10 | 10.4
Maces & Flails | 1 2 3 |  3.5
Crossbows      | 2 5 8 10 12 14 15 | 15.8
Invocations    | 3 5 8 10 | 10.0
Fighting       | 4 7 |  7.9
Earth Magic    | 5 |  5.0
Armour         | 2 |  2.1
Stealth        | |  1.7

Action                   |  1- 3 |  4- 6 |  7- 9 | 10-12 | 13-15 || total
-------------------------+-------+-------+-------+-------+-------++-------
Melee: Dagger            |   122 |   165 |    82 |       |       ||   369
       Headbutt          |       |    17 |    35 |    65 |    10 ||   127
       Whip              |       |       |   124 |   234 |    36 ||   394
       Arbalest          |       |       |       |     2 |       ||     2
 Fire: Arbalest          |       |       |   129 |   445 |  1020 ||  1594
 Cast: Pain              |     5 |     9 |     5 |       |       ||    19
       Regeneration      |     1 |     8 |     6 |    19 |    27 ||    61
       Vampiric Draining |       |     3 |     2 |     1 |       ||     6
       Animate Skeleton  |       |     9 |    10 |    10 |     5 ||    34
       Animate Dead      |       |       |     8 |    18 |     9 ||    35
       Borgnjor's Vile C |       |       |       |       |    23 ||    23
       Passwall          |       |       |       |       |     6 ||     6
Invok: Heroism           |       |       |       |     1 |    11 ||    12
       Finesse           |       |       |       |       |     1 ||     1
Evoke: Wand              |       |     2 |       |       |     1 ||     3
  Use: Scroll            |     1 |     6 |     3 |    20 |     8 ||    38
       Potion            |       |       |       |     1 |       ||     1
 Stab: Sleeping          |     4 |     2 |     1 |     2 |       ||     9
       Distracted        |       |     2 |       |       |       ||     2
  Eat: Chunk             |     2 |     7 |    13 |    28 |    42 ||    92
       Ration            |       |       |       |     2 |       ||     2
Armor: Robe              |    25 |    27 |    39 |    20 |    44 ||   155
       Skin              |       |     8 |       |       |       ||     8
       Troll leather arm |       |       |       |    14 |       ||    14
Dodge: Dodged            |    83 |   121 |   186 |   217 |   355 ||   962

Table legend:
 A = Spawn XP
 B = Non-spawn XP
 C = Spawn XP percentage of total XP
 D = Spawn monster count
 E = Non-spawn monster count
 F = Spawn count percentage of total count
 G = Total turns spent on level
                    A         B        C        D         E        F      G
               +---------+---------+-------+---------+---------+-------+---------
         Total |       0 |  141161 |   0.0 |       0 |     813 |   0.0 | 22887
               +---------+---------+-------+---------+---------+-------+---------
           D:1 |       0 |      55 |   0.0 |       0 |      28 |   0.0 |  1075
           D:2 |       0 |     119 |   0.0 |       0 |      31 |   0.0 |   826
           D:3 |       0 |     218 |   0.0 |       0 |      30 |   0.0 |   960
           D:4 |       0 |     338 |   0.0 |       0 |      19 |   0.0 |   633
           D:5 |       0 |    1085 |   0.0 |       0 |      18 |   0.0 |  1033
           D:6 |       0 |    2227 |   0.0 |       0 |      42 |   0.0 |  1035
           D:7 |       0 |    4631 |   0.0 |       0 |      44 |   0.0 |   776
           D:8 |       0 |    1639 |   0.0 |       0 |      31 |   0.0 |  1125
           D:9 |       0 |    3422 |   0.0 |       0 |      34 |   0.0 |  1184
          D:10 |       0 |    3640 |   0.0 |       0 |      20 |   0.0 |   743
          D:11 |       0 |    5041 |   0.0 |       0 |      36 |   0.0 |  1101
          D:12 |       0 |    7986 |   0.0 |       0 |      52 |   0.0 |  1052
          D:13 |       0 |    3733 |   0.0 |       0 |      11 |   0.0 |   913
          D:14 |       0 |   16726 |   0.0 |       0 |      41 |   0.0 |  1205
          D:15 |       0 |    7932 |   0.0 |       0 |      26 |   0.0 |   673
        Lair:1 |       0 |    3505 |   0.0 |       0 |      12 |   0.0 |   653
        Lair:2 |       0 |    3448 |   0.0 |       0 |      16 |   0.0 |   793
        Lair:3 |       0 |    4878 |   0.0 |       0 |      26 |   0.0 |   655
        Lair:4 |       0 |    5600 |   0.0 |       0 |      20 |   0.0 |   533
        Lair:5 |       0 |    5353 |   0.0 |       0 |      22 |   0.0 |   644
        Lair:6 |       0 |   18693 |   0.0 |       0 |      48 |   0.0 |  1348
       Snake:1 |       0 |   10346 |   0.0 |       0 |      20 |   0.0 |   761
       Snake:2 |       0 |    1488 |   0.0 |       0 |       3 |   0.0 |   138
         Orc:1 |       0 |    7507 |   0.0 |       0 |      65 |   0.0 |   614
         Orc:2 |       0 |   10595 |   0.0 |       0 |      93 |   0.0 |  1242
           Lab |       0 |    4633 |   0.0 |       0 |      17 |   0.0 |   842
       Volcano |       0 |    6323 |   0.0 |       0 |       8 |   0.0 |   253
               +---------+---------+-------+---------+---------+-------+---------
